 Dungeon Crawl Stone Soup version 0.27.0-1-g7a089689b8 (webtiles) character file.

Game seed: 11124311580817467381

1215 nicksoapdish the Covert (level 8, -2/54 HPs)
             Began as an Octopode Brigand on Aug 8, 2021.
             Was a Follower of Dithmenos.
             Slain by Harold (11 damage)
             ... on level 7 of the Dungeon.
             The game lasted 00:32:31 (7457 turns).

nicksoapdish the Covert (Octopode Brigand)          Turns: 7457, Time: 00:32:32

Health: -2/54      AC:  1    Str: 10    XL:     8   Next: 46%
Magic:  12/12      EV: 13    Int: 14    God:    Dithmenos [*.....]
Gold:   259        SH:  0    Dex: 15    Spells: 10/12 levels left

rFire    . . .     SeeInvis +   a - +3 dagger (flame)
rCold    + . .     Faith    .   (no shield)
rNeg     . . .     Spirit   .   (helmet restricted)
rPois    .         Reflect  .   (no amulet)
rElec    .         Harm     .   n - ring of see invisible
rCorr    .         Rampage  .   r - ring of protection from cold
Will     .....                  (no ring)
Stlth    ++++++....             (no ring)
HPRegen  0.18/turn              (no ring)
MPRegen  0.13/turn              (no ring)
                                (no ring)
                                (no ring)

@: mighty, wreathed by umbra
A: almost no armour, amphibious, 8 rings, camouflage 1, gelatinous body 1,
(nimble swimmer 1), tentacles
a: Renounce Religion


You were on level 7 of the Dungeon.
You worshipped Dithmenos.
Dithmenos was aware of your devotion.
You visited 2 branches of the dungeon, and saw 8 of its levels.
You also visited: Sewer.

You collected 259 gold pieces.

Inventory:

Hand Weapons
 a - a +3 dagger of flaming (weapon)
 e - a +1 short sword of holy wrath
 q - a +2 dagger
 t - a +2 dagger of holy wrath
Missiles
 b - 15 poisoned darts
 f - an atropa-tipped dart (quivered)
Jewellery
 n - a ring of see invisible (left tentacle)
 r - a ring of protection from cold (right tentacle)
Wands
 c - a wand of flame (21)
Scrolls
 h - a scroll of blinking
 k - a scroll of enchant armour {unknown}
 p - a scroll of summoning {unknown}
 s - a scroll of vulnerability {unknown}
Potions
 g - a potion of invisibility {unknown}
 l - 2 potions of flight
 o - a potion of curing


   Skills:
 + Level 4.0 Fighting
 + Level 4.6 Short Blades
 - Level 3.1 Throwing
 - Level 1.8 Dodging
 - Level 10.0 Stealth
 * Level 2.7 Spellcasting
 * Level 2.9 Necromancy
 - Level 0.3 Evocations


You had 10 spell levels left.
You knew the following spells:

 Your Spells              Type           Power      Damage    Failure   Level
a - Animate Skeleton      Necr           20%        N/A       7%          1
b - Pain                  Necr           40%        1d6       7%          1

Your spell library contained the following spells:

 Spells                   Type           Power      Damage    Failure   Level
 Corpse Rot               Necr/Air       N/A        N/A       19%         2
 Vampiric Draining        Necr           5%         2d6       21%         3
 Poisonous Vapours        Pois/Air       2%         N/A       32%         2
 Inner Flame              Hex/Fire       1%         N/A       54%         3
 Cause Fear               Hex            0%         N/A       91%         4
 Freezing Cloud           Conj/Ice/Air   0%         6-21      99%         5
 Discord                  Hex            0%         N/A       100%        8


Dungeon Overview and Level Annotations

Branches:
Dungeon (7/15)             Temple (1/1) D:4           Sewer (visited)

Altars:
Dithmenos
Trog
Yredelemnul
Zin

Shops:
D:3 =

Annotations:
D:7 Harold


Innate Abilities, Weirdness & Mutations

You cannot wear most types of armour.
You are amphibious.
You can wear up to eight rings at the same time.
Your skin changes colour to match your surroundings (Stealth+).
Your rubbery body absorbs attacks. (AC +1, EV +1)
((You are camouflaged near water. (Stealth+)))
You have tentacles for arms and can constrict up to eight enemies at once.


Message History

Things that are here:
a +0 hand axe; an orc corpse
Things that are here:
2 atropa-tipped darts; a poisoned dart Harold shouts!
Throw: 2 darts (atropa)
Press: ? - help, Q - select action, (/) - cycle Shift-Dir - straight line, f - Harold
Aim: Harold, wielding a +0 long sword, wearing a +0 scale mail and quivering 3 throwing nets (72% to hit, chance to blind on hit: 43%)
You throw an atropa-tipped dart. The atropa-tipped dart hits Harold.
Harold resists.
Harold throws a throwing net.
The throwing net hits you.
You become entangled in the net!
You cannot throw anything while held in a net.
Aiming: Throw Flame
Press: ? - help, Shift-Dir - straight line, f/p - Harold
Aim: Harold, wielding a +0 long sword, wearing a +0 scale mail and quivering 2 throwing nets (81% to hit)
The puff of flame hits Harold.
Harold is lightly wounded.
Aiming: Throw Flame
Press: ? - help, Shift-Dir - straight line, f/p - Harold
Aim: Harold, wielding a +0 long sword, wearing a +0 scale mail and quivering 2 throwing nets (lightly wounded, 81% to hit)
The puff of flame misses Harold.
Aiming: Throw Flame
Press: ? - help, Shift-Dir - straight line, f/p - Harold
Aim: Harold, wielding a +0 long sword, wearing a +0 scale mail and quivering 2 throwing nets (lightly wounded, 81% to hit)
The puff of flame hits Harold!
Harold is lightly wounded.
Harold says, "Ah, this is what I got into this business for!"
You struggle against the net.
Harold hits you with a +0 long sword!
You struggle against the net.
Harold hits you with a +0 long sword.
You struggle against the net.
Harold hits you with a +0 long sword.
You feel very mighty all of a sudden. Harold barely misses you.
You struggle against the net.
Harold hits you with a +0 long sword!!
Ouch! That really hurt!
* * * LOW HITPOINT WARNING * * *
You feel better. Harold hits you with a +0 long sword!
* * * LOW HITPOINT WARNING * * *
You rip the net and break free!
Harold hits you with a +0 long sword!
You die...

..o ............'....# #...(.#
..# #...######...######.#####
#.#
######...(..)................ .
.........(#######.#.#####.#####
# #.....@....(.# #[#)#.....# #
#.#......###.# #.#.#.....#
#+##.#.####..##.# #.#.#.....#
...#.#.#####.##@###.#.#.....+
...#.#.#........@...#.#.....#
...#.#.##.###..######.#.....#
...'.).)..# #..........######
...#.#.######..#...#####
#.##.#.# #.........# ..##.#.#
#.........#
.......###......####
#.##.##........##
...<....#####...#


You could see Harold.

Vanquished Creatures
  A steam dragon (D:6)
  An ice beast (D:6)
  A black bear (D:6)
  A centaur (D:6)
  Blork the orc (D:4)
  A kobold brigand (Sewer)
  A water moccasin skeleton (D:4)
  2 howler monkeys
  A bullfrog zombie (D:6)
  A centaur zombie (D:5)
  3 orc priests
  2 jellies (D:6)
  A centaur skeleton (D:6)
  A bullfrog skeleton (D:6)
  2 iguanas (D:5)
  An orc wizard (D:4)
  A howler monkey skeleton (D:6)
  3 gnolls (D:3)
  4 adders
  A river rat (Sewer)
  2 shadow imps (D:6)
  A worm (D:2)
  2 dart slugs (D:3)
  17 orcs
  6 endoplasms
  2 giant cockroaches (D:3)
  4 goblins
  3 hobgoblins
  9 jackals
  3 quokkas
  3 ball pythons
  6 bats
  3 frilled lizards
  12 kobolds
  4 rats (Sewer)
107 creatures vanquished.

Vanquished Creatures (others)
  A howler monkey (D:7)
1 creature vanquished.

Grand Total: 108 creatures vanquished

Notes
Turn   | Place    | Note
-------+----------+-------------------------------------------
     0 | D:1      | nicksoapdish the Octopode Brigand began the quest for the
                  | Orb.
     0 | D:1      | Reached XP level 1. HP: 14/14 MP: 1/1
     9 | D:1      | Found a faded altar of an unknown god.
   270 | D:1      | Reached XP level 2. HP: 18/19 MP: 2/2
   320 | D:1      | Reached skill level 6 in Stealth
   324 | D:1      | You fall into a shaft and drop 1 floor!
  1072 | D:2      | Reached XP level 3. HP: 9/24 MP: 3/3
  2063 | D:3      | Reached XP level 4. HP: 30/30 MP: 4/4
  2104 | D:3      | Reached skill level 7 in Stealth
  2143 | D:3      | Found Bamadd's Jewellery Shop.
  2338 | D:3      | Reached XP level 5. HP: 35/35 MP: 5/5
  2893 | D:4      | Found a staircase to the Ecumenical Temple.
  2900 | Temple   | Entered the Ecumenical Temple
  2913 | Temple   | Became a worshipper of Dithmenos the Shadowed
  2943 | D:4      | Found a glowing drain.
  2990 | Sewer    | Entered a sewer
  3214 | Sewer    | Noticed a kobold brigand
  3236 | Sewer    | Killed a kobold brigand
  3237 | Sewer    | Reached XP level 6. HP: 29/41 MP: 6/6
  3373 | Sewer    | Found a white marble altar of Elyvilon.
  3484 | D:4      | Noticed Blork the orc
  3495 | D:4      | Killed Blork the orc
  3496 | D:4      | Reached skill level 8 in Stealth
  4148 | D:4      | Reached skill level 9 in Stealth
  4148 | D:4      | Reached XP level 7. HP: 46/46 MP: 7/7
  4158 | D:4      | Learned a level 1 spell: Animate Skeleton
  4160 | D:4      | Learned a level 1 spell: Pain
  4316 | D:5      | Entered Level 5 of the Dungeon
  5455 | D:6      | Noticed a steam dragon
  5473 | D:6      | Killed a steam dragon
  5474 | D:6      | Reached skill level 1 in Spellcasting
  5474 | D:6      | Reached skill level 1 in Necromancy
  5687 | D:6      | Reached * piety under Dithmenos
  5768 | D:6      | Reached skill level 10 in Stealth
  5803 | D:6      | Reached XP level 8. HP: 49/52 MP: 10/10
  7230 | D:7      | Noticed Harold
  7457 | D:7      | Slain by Harold

Illustrated notes

Levels and vault maps discovered:
D:1:      minmay_arrival_stone_box, layout_loops_ring,
          hellmonk_ecumenical_altar_arch_garden, lemuel_flame_loot_1
D:2:      layout_loops_ring, st_stairs_14
D:3:      layout_basic, serial_shops, nicolae_shop_statue_plus
D:4:      layout_cave_pods, minmay_temple_entry_junction_2,
          gup_sewer_entry_glass, uniq_blork_the_orc
D:5:      layout_layer_cave
D:6:      layout_gridville, minmay_misc_feat_secret_circle
D:7:      kennysheep_seaside_town, layout_basic, uniq_harold
Temple:   minmay_crystal_snake_temple

Skill      XL: |  1  2  3  4  5  6  7  8 |
---------------+-------------------------+-----
Stealth        | 6 7 9 10 | 10.0
Throwing       | 3 |  3.1
Short Blades   | 3 4 |  4.6
Fighting       | 3 4 |  4.0
Spellcasting   | 1 2 |  2.7
Necromancy     | 1 2 |  2.9
Dodging        | |  1.8
Evocations     | |  0.3

Action                   |  1- 3 |  4- 6 |  7- 9 || total
-------------------------+-------+-------+-------++-------
Melee: Dagger            |    47 |    70 |    95 ||   212
       Short sword       |    14 |       |       ||    14
       Tentacles         |    10 |    13 |    16 ||    39
       Constrict         |    14 |    16 |    15 ||    45
Throw: Dart              |     2 |    68 |    49 ||   119
 Cast: Animate Skeleton  |       |       |     5 ||     5
       Pain              |       |       |     1 ||     1
Evoke: Wand              |       |       |    13 ||    13
  Use: Scroll            |       |     3 |     3 ||     6
       Potion            |       |       |     5 ||     5
 Stab: Sleeping          |    17 |     3 |     4 ||    24
       Invisible         |       |       |     1 ||     1
Armor: Skin              |     4 |     2 |     3 ||     9
Dodge: Dodged            |    18 |    30 |    47 ||    95
